 Dungeon Crawl Stone Soup version 0.29-a0-819-g94b489e0ae (webtiles) character file.

Game seed: 7205853895810762776

90 Derenoc the Ruffian (level 4, -7/44 HPs)
             Began as a Troll Fighter on July 6, 2022.
             Was a Believer of Uskayaw.
             Killed by divine providence
             ... invoked by an orc priest
              (16 damage)
             ... on level 3 of the Dungeon.
             The game lasted 00:07:15 (1621 turns).

Derenoc the Ruffian (Troll Fighter)                 Turns: 1621, Time: 00:07:15

Health: -7/44      AC:  5    Str: 26    XL:     4   Next: 32%
Magic:  3/3        EV:  8    Int:  4    God:    Uskayaw [**....]
Gold:   281        SH:  7    Dex:  9    Spells: 3/3 levels left

rFire   . . .      SeeInvis .     - Unarmed
rCold   . . .      Faith    .   b - +0 kite shield
rNeg    . . .      Spirit   .   a - +0 robe
rPois   +          Reflect  .   (helmet restricted)
rElec   .          Harm     .   h - +0 cloak
rCorr   .          Rampage  .   (gloves unavailable)
Will    .....                   (boots unavailable)
Stlth   +.........              (no amulet)
HPRegen 0.94/turn               l - ring of poison resistance
MPRegen 0.08/turn               (no ring)

@: mighty
A: large, unfitting armour, claws 3, regeneration 1, shaggy fur 1, tough skin 1
a: Renounce Religion, Stomp, Line Pass


You were on level 3 of the Dungeon.
You worshipped Uskayaw.
Uskayaw was noncommittal.
You visited 1 branch of the dungeon, and saw 3 of its levels.

You collected 281 gold pieces.

Inventory:

Armour
 a - a +0 robe (worn)
 b - a +0 kite shield (worn)
 h - a +0 cloak (worn)
Jewellery
 l - a ring of poison resistance (left claw)
Scrolls
 d - 3 scrolls of vulnerability
Potions
 e - a potion of degeneration {unknown}
 g - a potion of lignification {unknown}
 i - a potion of resistance {unknown}
 j - 3 potions of curing {unknown}
 k - 2 potions of haste {unknown}


   Skills:
 - Level 2.7 Fighting
 - Level 2.4 Dodging
 - Level 3.1 Shields
 * Level 4.0 Unarmed Combat


You had 3 spell levels left.
You didn't know any spells.
Your spell library contained the following spells:

 Spells                   Type           Power      Damage    Failure   Level
 Apportation              Tloc           0%         N/A       80%         1
 Necrotise                Necr           0%         1d4       80%         1
 Summon Small Mammal      Summ           0%         N/A       80%         1
 Ignite Poison            Fire/Tmut/Pois 0%         N/A       99%         3
 Mephitic Cloud           Conj/Pois/Air  0%         N/A       99%         3
 Summon Lightning Spire   Summ/Air       0%         N/A       100%        4
 Freezing Cloud           Conj/Ice/Air   0%         6-21      100%        5
 Storm Form               Tmut/Air       0%         N/A       100%        7
 Maxwell's Capacitive Co  Air            0%         ∞         100%        8


Dungeon Overview and Level Annotations

Branches:
Dungeon (3/15)

Altars:
Ashenzari
Uskayaw


Innate Abilities, Weirdness & Mutations

You are too large for most types of armour.
You have claws for hands.
Your natural rate of healing is unusually fast.
You are covered in fur. (AC +1)
You have tough skin. (AC +1)


Message History

You scratch the orc but do no damage.
The orc is moderately wounded.
The orc attacks as you move away! You block the orc's attack.
The orc attacks as you move away! You block the orc's attack.
The orc priest invokes the aid of Beogh against you.
Beogh smites you! The orc attacks as you move away! The orc barely misses you.
The orc priest invokes the aid of Beogh against you.
Beogh smites you!
The orc priest calls upon Beogh to heal the orc.
The orc's wounds heal themselves!
The orc hits you from afar with a +0 trident.
You scratch the orc.
The orc is moderately wounded.
The orc hits you with a +0 trident.
The orc hits you with a +0 vorpal hand axe.
You scratch the orc.
The orc is heavily wounded.
The orc priest casts a cantrip, but nothing happens.
The orc completely misses you. The orc hits you but does no damage.
You claw the orc!
You kill the orc!
The orc hits you with a +0 trident.
* * * LOW HITPOINT WARNING * * *
You can now pass through a line of other dancers.
You scratch the orc.
The orc is lightly wounded.
The orc barely misses you. The orc hits you with a +0 trident.
* * * LOW HITPOINT WARNING * * *
You feel very mighty all of a sudden. The orc completely misses you.
The orc closely misses you.
You closely miss the orc.
The orc is lightly wounded.
The orc barely misses you. The orc hits you with a +0 trident.
* * * LOW HITPOINT WARNING * * *
You claw the orc!
You kill the orc!
The orc priest calls down the wrath of Beogh upon you.
Beogh smites you!
You die...

##########
.........#
$........#
.........#
.........#
.........+
.........#########
........o)@......#
.......###o#####.#.
...###.............
...........#####.##
. ########.#
####.#####.#
###..........#
#......#######
#.#.####


You could see an orc priest and an orc.

Vanquished Creatures
  Jessica (D:3)
  2 adders (D:2)
  2 dart slugs (D:2)
  3 orcs (D:3)
  2 endoplasms
  A giant cockroach (D:1)
  2 goblins (D:1)
  7 hobgoblins
  7 kobolds
  7 ball pythons
  A bat (D:1)
  3 frilled lizards
  3 rats
41 creatures vanquished.

Vanquished Creatures (others)
  5 fungi (D:1)
  5 plants (D:3)
  4 toadstools (D:1)
14 creatures vanquished.

Grand Total: 55 creatures vanquished

Notes
Turn   | Place    | Note
-------+----------+-------------------------------------------
     0 | D:1      | Derenoc the Troll Fighter began the quest for the Orb.
     0 | D:1      | Reached XP level 1. HP: 22/22 MP: 0/0
   173 | D:1      | Reached XP level 2. HP: 29/29 MP: 1/1
   553 | D:1      | Found a faded altar of an unknown god.
   557 | D:1      | Prayed at the altar of an unknown god.
   557 | D:1      | Became a worshipper of Uskayaw the Reveller
   557 | D:1      | Reached * piety under Uskayaw
   667 | D:2      | Reached ** piety under Uskayaw
   668 | D:2      | Reached XP level 3. HP: 36/36 MP: 2/2
  1055 | D:2      | Reached skill level 3 in Unarmed Combat
  1407 | D:3      | Noticed Jessica
  1418 | D:3      | Killed Jessica
  1419 | D:3      | Reached XP level 4. HP: 34/44 MP: 3/3
  1461 | D:3      | Found a broken altar of Ashenzari.
  1606 | D:3      | Reached skill level 4 in Unarmed Combat
  1621 | D:3      | Killed from afar by an orc priest

Illustrated notes

Levels and vault maps discovered:
D:1:      lightli_arrival_isolated_outpost, layout_basic,
          shapermc_ecumenical_altar_acropolis, minmay_gold_behind_fungi
D:2:      layout_loops_ring
D:3:      layout_basic, mainiacjoe_overflow_cross_hatched,
          chequers_serial_rivers_room_b, minmay_between, uniq_jessica

Skill      XL: |  1  2  3  4 |
---------------+-------------+-----
Shields        | 3 |  3.1
Unarmed Combat | 3 4 |  4.0
Fighting       | |  2.7
Dodging        | |  2.4

Action                   |  1- 3 |  4- 6 || total
-------------------------+-------+-------++-------
Melee: Unarmed           |   107 |    31 ||   138
  Use: Scroll            |     6 |     2 ||     8
       Potion            |     1 |     1 ||     2
 Stab: Sleeping          |     1 |       ||     1
Armor: Robe              |    15 |     4 ||    19
Dodge: Dodged            |    14 |     7 ||    21
Block: Kite shield       |    29 |     8 ||    37

Table legend: (Time is in decaauts)
 A = Elapsed time spent in this place.
 B = Non-inter-level travel time spent in this place.
 C = Inter-level travel time spent in this place.
 D = Time resting spent in this place.
 E = Time spent auto-exploring this place.
 F = Levels seen in this place.
 G = Mean time per level.
                   A        B        C        D        E       F      G
               +--------+--------+--------+--------+--------+-----+--------+
         Total |   1647 |   1589 |     58 |      0 |   1237 |   3 |  549.0 |
       Dungeon |   1647 |   1589 |     58 |      0 |   1237 |   3 |  549.0 |
               +--------+--------+--------+--------+--------+-----+--------+

Top non-repeatable levels by time:
     D:2: 745 daAuts
     D:1: 676 daAuts
     D:3: 226 daAuts
